% Time on Ice - PHOENIX MUSTANGS
Lines # - Real PCT - Wanted PCT - Time Play
Normal Forward
1 - 33% - 36% - 16:22
2 - 28% - 31% - 14:15
3 - 26% - 23% - 13:01
4 - 13% - 10% - 6:26
Normal Defense
1 - 36% - 36% - 17:58
2 - 32% - 31% - 15:47
3 - 26% - 23% - 13:00
4 - 7% - 10% - 3:19
PP Forward
1 - 42% - 55% - 0:50
2 - 58% - 45% - 1:10
PP Defense
1 - 27% - 55% - 0:32
2 - 73% - 45% - 1:28
PK Forward
1 - 62% - 55% - 3:40
2 - 38% - 45% - 2:17
PK Defense
1 - 56% - 55% - 3:21
2 - 44% - 45% - 2:36
PK3 Forward
1 - 0% - 55%
2 - 0% - 45%
PK3 Defense
1 - 0% - 55%
2 - 0% - 45%
44 Forward
1 - 30% - 55% - 0:36
2 - 70% - 45% - 1:23
44 Defense
1 - 70% - 55% - 1:23
2 - 30% - 45% - 0:36
Last Minute Offensive  - 0:00
Last Minute Defensive  - 0:00
Total
Forward - 60:00
Defense - 60:00
% Time on Ice - OAKLAND GORILLAS
Lines # - Real PCT - Wanted PCT - Time Play
Normal Forward
1 - 31% - 34% - 15:17
2 - 33% - 34% - 16:38
3 - 30% - 32% - 15:13
4 - 6% - 0% - 2:56
Normal Defense
1 - 33% - 34% - 16:37
2 - 33% - 33% - 16:17
3 - 33% - 33% - 16:19
4 - 2% - 0% - 0:51
PP Forward
1 - 58% - 55% - 3:27
2 - 42% - 45% - 2:30
PP Defense
1 - 58% - 60% - 3:27
2 - 42% - 40% - 2:30
PK Forward
1 - 63% - 55% - 1:16
2 - 37% - 45% - 0:44
PK Defense
1 - 59% - 55% - 1:11
2 - 41% - 45% - 0:49
PK3 Forward
1 - 0% - 55%
2 - 0% - 45%
PK3 Defense
1 - 0% - 55%
2 - 0% - 45%
44 Forward
1 - 100% - 55% - 1:59
2 - 0% - 45% - 0:00
44 Defense
1 - 46% - 55% - 0:55
2 - 54% - 45% - 1:04
Last Minute Offensive  - 0:00
Last Minute Defensive  - 0:00
Total
Forward - 60:00
Defense - 60:00
Play-by-Play 1st period 0:01 of 1st period - Aleksander Barkov wins face-off versus Jonathan Miller in neutral zone. 0:40 of 1st period - Shot by Mark Stone. 0:40 of 1st period - Shot Misses the Net. 0:42 of 1st period - Shot by Aleksander Barkov. 0:42 of 1st period - Shot Misses the Net. 2:33 of 1st period - Icing by Jesper Fast. 2:34 of 1st period - David Kampf wins face-off versus Andreas Athanasiou in PHOENIX MUSTANGS zone. 3:48 of 1st period - Shot by Patrice Bergeron. 3:48 of 1st period - Stopped by Jake Allen without a rebound. 3:49 of 1st period - Adam Ruzicka wins face-off versus Aleksander Barkov in PHOENIX MUSTANGS zone. 3:49 of 1st period - Adam Ruzicka is hit by Aleksander Barkov. 4:09 of 1st period - Shot by Aleksander Barkov. 4:09 of 1st period - Shot Misses the Net. 4:11 of 1st period - Shot by Brock Nelson. 4:11 of 1st period - Shot Misses the Net. 4:13 of 1st period - Shot by Brock Nelson. 4:13 of 1st period - Shot Misses the Net. 4:15 of 1st period - Shot by Jamie Oleksiak. 4:15 of 1st period - Deflect By Brock Nelson. 4:15 of 1st period - Shot Misses the Net. 6:11 of 1st period - Shot by Logan Couture. 6:11 of 1st period - Goal by Logan Couture - PHOENIX MUSTANGS : 0 - OAKLAND GORILLAS : 1. 6:12 of 1st period - Jonathan Miller wins face-off versus David Kampf in neutral zone. 6:12 of 1st period - Jonathan Miller is hit by Jack McBain. 6:21 of 1st period - Ilya Lyubushkin is hit by Jack McBain and loses puck. 7:18 of 1st period - Shot by Logan Couture. 7:18 of 1st period - Shot Blocked by Ilya Lyubushkin. 7:50 of 1st period - Shot by Conor Garland. 7:50 of 1st period - Shot Blocked by Jamie Oleksiak. 7:55 of 1st period - Conor Garland is hit by Jared Spurgeon and loses puck. 8:06 of 1st period - Jared Spurgeon is hit by Conor Garland and loses puck. 9:35 of 1st period - Shot by Conor Garland. 9:35 of 1st period - Shot Blocked by Alex Pietrangelo. 10:01 of 1st period - Icing by Colton Sissons. 10:02 of 1st period - Patrice Bergeron wins face-off versus Jonathan Miller in OAKLAND GORILLAS zone. 10:21 of 1st period - Shot by Jonathan Miller. 10:21 of 1st period - Stopped by Thomas Greiss with a rebound. 10:57 of 1st period - Shot by Andreas Athanasiou. 10:57 of 1st period - Stopped by Thomas Greiss with a rebound. 11:22 of 1st period - Icing by Jared Spurgeon. 11:23 of 1st period - Jonathan Miller wins face-off versus Logan Couture in OAKLAND GORILLAS zone. 11:26 of 1st period - Shot by Taylor Hall. 11:26 of 1st period - Stopped by Thomas Greiss without a rebound. 11:27 of 1st period - Logan Couture wins face-off versus Christian Fischer in OAKLAND GORILLAS zone. 11:37 of 1st period - Shot by Jordan Kyrou. 11:37 of 1st period - Shot Misses the Net. 11:59 of 1st period - Shot by Conor Garland. 11:59 of 1st period - Stopped by Thomas Greiss with a rebound. 12:49 of 1st period - Shot by Aleksander Barkov. 12:49 of 1st period - Shot Blocked by Jeff Petry. 12:56 of 1st period - Off-side. 12:57 of 1st period - Patrice Bergeron wins face-off versus Taylor Hall in neutral zone. 13:04 of 1st period - Shot by Patrice Bergeron. 13:04 of 1st period - Stopped by Jake Allen with a rebound. 13:10 of 1st period - Shot by Jonathan Miller. 13:10 of 1st period - Stopped by Thomas Greiss without a rebound. 13:10 of 1st period - Minor Penalty to Thomas Greiss for Delaying the game. 13:11 of 1st period - Patrice Bergeron wins face-off versus Andreas Athanasiou in OAKLAND GORILLAS zone. 13:48 of 1st period - Shot by Andreas Athanasiou. 13:48 of 1st period - Stopped by Thomas Greiss without a rebound. 13:49 of 1st period - Patrice Bergeron wins face-off versus Jonathan Miller in OAKLAND GORILLAS zone. 14:26 of 1st period - Icing by Jonathan Miller. 14:27 of 1st period - Patrice Bergeron wins face-off versus Jonathan Miller in PHOENIX MUSTANGS zone. 15:00 of 1st period - Shot by Andreas Athanasiou. 15:00 of 1st period - Shot Misses the Net. 15:12 of 1st period - Shot by Adam Ruzicka. 15:12 of 1st period - Stopped by Thomas Greiss without a rebound. 15:13 of 1st period - Alex Barre-Boulet wins face-off versus Mark Stone in OAKLAND GORILLAS zone. 15:16 of 1st period - Shot by Adam Ruzicka. 15:16 of 1st period - Shot Misses the Net. 15:36 of 1st period - Shot by Aleksander Barkov. 15:36 of 1st period - Stopped by Jake Allen without a rebound. 15:37 of 1st period - Logan Couture wins face-off versus Jonathan Miller in PHOENIX MUSTANGS zone. 15:46 of 1st period - Shot by Jordan Kyrou. 15:46 of 1st period - Goal by Jordan Kyrou - PHOENIX MUSTANGS : 0 - OAKLAND GORILLAS : 2. 15:47 of 1st period - Patrice Bergeron wins face-off versus Jonathan Miller in neutral zone. 15:50 of 1st period - Shot by Colton Sissons. 15:50 of 1st period - Shot Misses the Net. 15:58 of 1st period - Shot by Patrice Bergeron. 15:58 of 1st period - Deflect By Colton Sissons. 15:58 of 1st period - Stopped by Jake Allen without a rebound. 15:59 of 1st period - Andreas Athanasiou wins face-off versus Logan Couture in PHOENIX MUSTANGS zone. 16:36 of 1st period - Shot by Jordan Kyrou. 16:36 of 1st period - Stopped by Jake Allen without a rebound. 16:37 of 1st period - Jonathan Miller wins face-off versus Patrice Bergeron in PHOENIX MUSTANGS zone. 16:52 of 1st period - Shot by Colton Sissons. 16:52 of 1st period - Deflect By Patrice Bergeron. 16:52 of 1st period - Stopped by Jake Allen without a rebound. 16:53 of 1st period - Aleksander Barkov wins face-off versus Christian Fischer in PHOENIX MUSTANGS zone. 17:30 of 1st period - Shot by Conor Garland. 17:30 of 1st period - Shot Misses the Net. 17:52 of 1st period - Shot by Conor Sheary. 17:52 of 1st period - Stopped by Thomas Greiss without a rebound. 17:53 of 1st period - Patrice Bergeron wins face-off versus Jonathan Miller in OAKLAND GORILLAS zone. 17:53 of 1st period - Patrice Bergeron is hit by Jonathan Miller. 18:23 of 1st period - Shot by Patrice Bergeron. 18:23 of 1st period - Deflect By Ilya Mikheyev. 18:23 of 1st period - Stopped by Jake Allen without a rebound. 18:24 of 1st period - Logan Couture wins face-off versus Andreas Athanasiou in PHOENIX MUSTANGS zone. 18:25 of 1st period - Shot by Jordan Kyrou. 18:25 of 1st period - Stopped by Jake Allen without a rebound. 18:26 of 1st period - Jesper Fast wins face-off versus Logan Couture in PHOENIX MUSTANGS zone. 18:26 of 1st period - Jesper Fast is hit by Patrik Laine. 18:34 of 1st period - Shot by Jordan Kyrou. 18:34 of 1st period - Shot Misses the Net. 18:36 of 1st period - Shot by Logan Couture. 18:36 of 1st period - Stopped by Jake Allen without a rebound. 18:37 of 1st period - Patrice Bergeron wins face-off versus Jonathan Miller in PHOENIX MUSTANGS zone. 18:37 of 1st period - Patrice Bergeron is hit by Jeff Petry. 18:41 of 1st period - Shot by Hampus Lindholm. 18:41 of 1st period - Stopped by Jake Allen without a rebound. 18:42 of 1st period - Patrice Bergeron wins face-off versus Jonathan Miller in PHOENIX MUSTANGS zone. 18:45 of 1st period - Shot by Ilya Mikheyev. 18:45 of 1st period - Stopped by Jake Allen without a rebound. 18:46 of 1st period - Patrice Bergeron wins face-off versus Jonathan Miller in PHOENIX MUSTANGS zone. 19:50 of 1st period - Shot by Andreas Athanasiou. 19:50 of 1st period - Goal by Andreas Athanasiou - PHOENIX MUSTANGS : 1 - OAKLAND GORILLAS : 2. 19:51 of 1st period - Logan Couture wins face-off versus Christian Fischer in neutral zone. Goals for this period are 1 for PHOENIX MUSTANGS vs 2 for OAKLAND GORILLAS. Shots for this period are 9 for PHOENIX MUSTANGS vs 13 for OAKLAND GORILLAS. 2nd period 0:01 of 2nd period - Logan Couture wins face-off versus Jonathan Miller in neutral zone. 0:07 of 2nd period - Icing by Jeff Petry. 0:08 of 2nd period - Jonathan Miller wins face-off versus Mark Stone in PHOENIX MUSTANGS zone. 0:20 of 2nd period - Shot by Aleksander Barkov. 0:20 of 2nd period - Stopped by Jake Allen with a rebound. 1:22 of 2nd period - Shot by Andreas Athanasiou. 1:22 of 2nd period - Stopped by Thomas Greiss without a rebound. 1:23 of 2nd period - Patrice Bergeron wins face-off versus Christian Fischer in OAKLAND GORILLAS zone. 1:48 of 2nd period - Shot by Patrice Bergeron. 1:48 of 2nd period - Deflect By Colton Sissons. 1:48 of 2nd period - Shot Misses the Net. 1:50 of 2nd period - Shot by Ilya Mikheyev. 1:50 of 2nd period - Shot Blocked by Gavin Bayreuther. 1:52 of 2nd period - Shot by Cameron York. 1:52 of 2nd period - Deflect By Patrice Bergeron. 1:52 of 2nd period - Stopped by Jake Allen without a rebound. 1:53 of 2nd period - Logan Couture wins face-off versus Andreas Athanasiou in PHOENIX MUSTANGS zone. 2:07 of 2nd period - Minor Penalty to Juuso Parssinen for Hooking. 2:08 of 2nd period - Jonathan Miller wins face-off versus Aleksander Barkov in PHOENIX MUSTANGS zone. 3:38 of 2nd period - Shot by Patrik Laine. 3:38 of 2nd period - Stopped by Jake Allen with a rebound. 4:10 of 2nd period - Shot by Ilya Mikheyev. 4:10 of 2nd period - Stopped by Jake Allen with a rebound. 4:15 of 2nd period - Icing by T.J. Brodie. 4:16 of 2nd period - Patrice Bergeron wins face-off versus Christian Fischer in PHOENIX MUSTANGS zone. 4:17 of 2nd period - Shot by Ilya Mikheyev. 4:17 of 2nd period - Shot Misses the Net. 5:31 of 2nd period - Shot by Aleksander Barkov. 5:31 of 2nd period - Shot Misses the Net. 5:39 of 2nd period - Shot by Mark Stone. 5:39 of 2nd period - Stopped by Jake Allen without a rebound. 5:40 of 2nd period - Logan Couture wins face-off versus Andreas Athanasiou in PHOENIX MUSTANGS zone. 5:54 of 2nd period - Juuso Parssinen is hit by Jamie Oleksiak and loses puck. 6:36 of 2nd period - Icing by Jeff Petry. 6:37 of 2nd period - Aleksander Barkov wins face-off versus Andreas Athanasiou in PHOENIX MUSTANGS zone. 6:48 of 2nd period - Icing by John Klingberg. 6:49 of 2nd period - Patrice Bergeron wins face-off versus Andreas Athanasiou in PHOENIX MUSTANGS zone. 6:52 of 2nd period - Shot by Patrice Bergeron. 6:52 of 2nd period - Deflect By Ilya Mikheyev. 6:52 of 2nd period - Stopped by Jake Allen without a rebound. 6:53 of 2nd period - Aleksander Barkov wins face-off versus Jonathan Miller in PHOENIX MUSTANGS zone. 7:26 of 2nd period - Shot by Conor Sheary. 7:26 of 2nd period - Stopped by Thomas Greiss without a rebound. 7:27 of 2nd period - Christian Fischer wins face-off versus Logan Couture in OAKLAND GORILLAS zone. 7:40 of 2nd period - Shot by Logan Couture. 7:40 of 2nd period - Shot Hit the Post. 7:42 of 2nd period - Shot by Jordan Kyrou. 7:42 of 2nd period - Shot Blocked by Gavin Bayreuther. 7:44 of 2nd period - Shot by Cameron York. 7:44 of 2nd period - Shot Misses the Net. 7:46 of 2nd period - Shot by Cameron York. 7:46 of 2nd period - Shot Misses the Net. 7:48 of 2nd period - Shot by Jordan Kyrou. 7:48 of 2nd period - Stopped by Jake Allen without a rebound. 7:49 of 2nd period - Patrice Bergeron wins face-off versus Adam Ruzicka in PHOENIX MUSTANGS zone. 7:50 of 2nd period - Shot by Jared Spurgeon. 7:50 of 2nd period - Shot Blocked by John Klingberg. 8:44 of 2nd period - Jared Spurgeon is hit by Taylor Hall and loses puck. 9:01 of 2nd period - Icing by Jared Spurgeon. 9:02 of 2nd period - Patrice Bergeron wins face-off versus Andreas Athanasiou in OAKLAND GORILLAS zone. 9:02 of 2nd period - Patrice Bergeron is hit by Juus